 Dungeon Crawl Stone Soup version 0.27.0-1-g7a089689b8 (webtiles) character file.

Game seed: 15767517335524451835

641 Ge0ff the Cutter (level 7, -1/40 HPs)
             Began as a Deep Elf Gladiator on Aug 3, 2021.
             Was a Believer of Sif Muna.
             Slain by a wyvern zombie (11 damage)
             ... in an ossuary.
             The game lasted 00:18:08 (6092 turns).

Ge0ff the Cutter (Deep Elf Gladiator)               Turns: 6092, Time: 00:18:09

Health: -1/40      AC:  5    Str: 11    XL:     7   Next: 26%
Magic:  9/15       EV: 13    Int: 15    God:    Sif Muna [**....]
Gold:   128        SH:  0    Dex: 16    Spells: 11/14 levels left

rFire    . . .     SeeInvis .   a - +0 rapier (freeze)
rCold    + . .     Faith    .   (no shield)
rNeg     . . .     Spirit   .   b - +0 leather armour
rPois    .         Reflect  .   c - +1 helmet
rElec    .         Harm     .   (no cloak)
rCorr    .         Rampage  .   (no gloves)
Will     .....                  (no boots)
Stlth    ++........             (no amulet)
HPRegen  0.13/turn              (no ring)
MPRegen  0.14/turn              (no ring)

@: no status effects
A: cold resistance 1, evolution 1
a: Renounce Religion, Channel Magic


You were in an ossuary.
You worshipped Sif Muna.
Sif Muna was pleased with you.
You visited 1 branch of the dungeon, and saw 5 of its levels.
You also visited: Ossuary.

You collected 128 gold pieces.

Inventory:

Hand Weapons
 a - a +0 rapier of freezing (weapon)
Missiles
 g - 2 throwing nets {=F}
 H - 177 stones
 W - 8 poisoned darts
 X - 2 boomerangs (quivered)
Armour
 b - a +0 leather armour (worn)
 c - a +1 helmet (worn)
 C - a +0 chain mail
 T - a +0 scale mail
Wands
 d - a wand of digging (7)
Scrolls
 y - a scroll of immolation
 Y - a scroll of enchant armour


   Skills:
 + Level 2.0 Fighting
 + Level 5.9 Short Blades
 - Level 2.0 Throwing
 - Level 1.0 Armour
 - Level 4.0 Dodging
 + Level 2.1 Stealth
 + Level 4.2 Spellcasting
 * Level 4.5 Hexes


You had 11 spell levels left.
You knew the following spells:

 Your Spells              Type           Power      Damage    Failure   Level
s - Confusing Touch       Hex            16%        N/A       11%         3

Your spell library contained the following spells:

 Spells                   Type           Power      Damage    Failure   Level
 Slow                     Hex            16%        N/A       5%          2
 Yara's Violent Unravell  Hex/Tmut       5%         3d4       94%         5


Dungeon Overview and Level Annotations

Branches:
Dungeon (5/15)            Ossuary (1/1)
 Temple: D:4-7

Altars:
Qazlal
Sif Muna
Vehumet

Annotations:
D:3 exclusion: statue


Innate Abilities, Weirdness & Mutations

Your flesh is cold resistant. (rC+)
You evolve.


Message History

Your hands begin to glow red.
The centaur zombie hits you.
The centaur zombie kicks you but does no damage.
You hit the centaur zombie but do no damage.
The centaur zombie hits you but does no damage.
The centaur zombie kicks you but does no damage.
You hit the centaur zombie but do no damage.
The centaur zombie appears confused.
The centaur zombie hits you. The centaur zombie kicks you.
You hit the centaur zombie.
The centaur zombie is lightly damaged.
You hit the centaur zombie but do no damage.
The centaur zombie is lightly damaged.
You catch the helpless centaur zombie completely off-guard!
You puncture the centaur zombie!
The centaur zombie is moderately damaged.
You completely miss the centaur zombie.
The centaur zombie is moderately damaged.
The centaur zombie hits you but does no damage.
The centaur zombie barely misses you.
You hit the centaur zombie.
The centaur zombie is heavily damaged.
Casting: Confusing Touch (dangerous; 11% risk of failure)
Confirm with . or Enter, or press ? or * to list all spells.
Your hands begin to glow red.
The wyvern zombie bites you.
You hit the wyvern zombie but do no damage.
The wyvern zombie is moderately damaged.
The wyvern zombie bites you.
The centaur zombie barely misses the wyvern zombie.
The centaur zombie kicks the wyvern zombie.
You hit the wyvern zombie but do no damage.
The wyvern zombie is moderately damaged.
The wyvern zombie barely misses you.
You hit the wyvern zombie but do no damage.
The wyvern zombie appears confused.
The wyvern zombie is moderately damaged.
The centaur zombie hits the wyvern zombie but does no damage.
The centaur zombie kicks the wyvern zombie but does no damage.
You hit the wyvern zombie.
The wyvern zombie is moderately damaged.
The centaur zombie hits the wyvern zombie.
The centaur zombie kicks the wyvern zombie.
You hit the wyvern zombie.
The wyvern zombie is heavily damaged.
The centaur zombie seems less confused.
The wyvern zombie bites you!
* * * LOW HITPOINT WARNING * * *
You catch the helpless wyvern zombie completely off-guard!
You puncture the wyvern zombie!
The wyvern zombie is almost destroyed.
The wyvern zombie bites you!
You die...

≈.' #≈#
#≈≈ +≈#
#.+ ###.#
#.'.+
#####.###
#∩.@#.'.#
#.∩.ZZ###
#...#.'.#
#####.###
........+
#+#'#'#+#
#. #


You could see a wyvern zombie (confused) and a centaur zombie.

Vanquished Creatures
  A wyvern zombie (Ossuary)
  A water moccasin zombie (Ossuary)
  A water moccasin skeleton (D:5)
  A bullfrog zombie (Ossuary)
  A hound (D:4)
  Natasha (thrice) (D:4)
  2 orc wizards (D:3)
  2 killer bee zombies (Ossuary)
  A hound skeleton (D:5)
  4 mummies (Ossuary)
  5 adders
  A white imp (D:5)
  2 worms (D:2)
  A dart slug (D:1)
  11 orcs
  9 ball pythons
  3 endoplasms
  2 giant cockroaches (D:1)
  7 hobgoblins
  6 jackals (D:1)
  4 quokkas (D:1)
  5 bats
  A frilled lizard (D:1)
  6 goblins
  5 kobolds
  11 rats
96 creatures vanquished.

Vanquished Creatures (others)
  9 withered plants (Ossuary)
9 creatures vanquished.

Grand Total: 105 creatures vanquished

Notes
Turn   | Place    | Note
-------+----------+-------------------------------------------
     0 | D:1      | Ge0ff the Deep Elf Gladiator began the quest for the Orb.
     0 | D:1      | Reached XP level 1. HP: 12/12 MP: 3/3
    91 | D:1      | Reached skill level 1 in Stealth
   187 | D:1      | Reached XP level 2. HP: 16/16 MP: 4/4
   511 | D:1      | Gained mutation: You evolve. [potion of mutation]
   581 | D:1      | Gained mutation: Your flesh is cold resistant. (rC+)
                  | [evolution]
   800 | D:1      | Reached XP level 3. HP: 21/21 MP: 5/5
   847 | D:1      | Found a faded altar of an unknown god.
  1193 | D:1      | Became a worshipper of Sif Muna the Loreminder
  1193 | D:1      | Reached * piety under Sif Muna
  2345 | D:3      | Found a radiant altar of Vehumet.
  2346 | D:3      | Noticed a charred statue
  2626 | D:3      | Reached skill level 4 in Short Blades
  2641 | D:3      | Reached skill level 1 in Armour
  2780 | D:3      | Reached XP level 4. HP: 22/26 MP: 6/6
  3842 | D:3      | Reached ** piety under Sif Muna
  3926 | D:3      | Reached skill level 5 in Short Blades
  3926 | D:3      | Reached XP level 5. HP: 30/30 MP: 7/7
  4224 | D:4      | Learned a level 3 spell: Confusing Touch
  4375 | D:4      | Found a stormy altar of Qazlal.
  4491 | D:4      | Noticed Natasha
  4504 | D:4      | Killed Natasha
  4505 | D:4      | Reached skill level 1 in Spellcasting
  4505 | D:4      | Reached skill level 1 in Hexes
  4786 | D:4      | Noticed Natasha
  4798 | D:4      | Killed Natasha
  4970 | D:4      | Found a stormy altar of Qazlal.
  5010 | D:4      | Noticed Natasha
  5028 | D:4      | Killed Natasha
  5029 | D:4      | Reached XP level 6. HP: 21/35 MP: 11/11
  5200 | D:5      | Entered Level 5 of the Dungeon
  5448 | D:5      | Found a sand-covered staircase.
  5456 | Ossuary  | Entered an ossuary
  5495 | Ossuary  | HP: 1/52 [bullfrog zombie (5)]
  5830 | Ossuary  | Reached XP level 7. HP: 40/40 MP: 11/14
  6092 | Ossuary  | Slain by a wyvern zombie

Illustrated notes

Levels and vault maps discovered:
D:1:      dpeg_arrival_round_c, layout_loops_ring,
          hellmonk_ecumenical_altar_run_dry
D:2:      layout_basic, serial_rivers, chequers_serial_rivers_micro_e,
          chequers_serial_rivers_micro_a, chequers_serial_rivers_micro_e,
          chequers_serial_rivers_room_a, grunt_decor_resistance
D:3:      layout_basic, vehumet_statue
D:4:      layout_loops_ring, mainiacjoe_overflow_boulevard, serial_bayou_pond_d,
          uniq_natasha
D:5:      layout_loops_ring, nicolae_ossuary_entry_monument,
          hangedman_decor_clover_reticule, minmay_statues_item
Ossuary:  ossuary_zaba_flooded

Skill      XL: |  1  2  3  4  5  6  7 |
---------------+----------------------+-----
Stealth        | 1 2 |  2.1
Fighting       | 2 |  2.0
Short Blades   | 4 5 |  5.9
Armour         | 1 |  1.0
Spellcasting   | 2 3 4 |  4.2
Hexes          | 2 3 4 |  4.5
Dodging        | 4 |  4.0
Throwing       | |  2.0

Action                   |  1- 3 |  4- 6 |  7- 9 || total
-------------------------+-------+-------+-------++-------
Melee: Rapier            |   125 |   147 |    43 ||   315
Throw: Stone             |    13 |    26 |       ||    39
       Boomerang         |       |    46 |    19 ||    65
       Throwing net      |       |     7 |       ||     7
 Cast: Confusing Touch   |       |     1 |     8 ||     9
  Use: Scroll            |     7 |     9 |       ||    16
       Potion            |     4 |     4 |       ||     8
 Stab: Sleeping          |     3 |     1 |       ||     4
       Confused          |       |     3 |     5 ||     8
       Held in net/web   |       |     1 |       ||     1
Armor: Leather armour    |    32 |    14 |    10 ||    56
       Skin              |       |    18 |       ||    18
Dodge: Dodged            |    70 |    74 |    17 ||   161
